 Dungeon Crawl Stone Soup version 0.21-a0-122-g43b3ea6 (webtiles) character file.

83067 namelastname112 the Lord of Darkness (level 15, 0/134 HPs)
             Began as a Red Draconian Necromancer on July 13, 2017.
             Was the Champion of Kikubaaqudgha.
             Slain by a troll (1 damage)
             ... led by an orc knight
             ... on level 1 of the Orcish Mines.
             The game lasted 01:03:01 (26474 turns).

namelastname112 the Lord of Darkness (DrNe)        Turns: 26474, Time: 01:03:02

Health: 0/134      AC: 14    Str: 11    XL:     15   Next: 31%
Magic:  6/28       EV: 18    Int: 21    God:    Kikubaaqudgha [******]
Gold:   2660       SH:  0    Dex: 12    Spells: 4/33 levels left

rFire    + + .     SeeInvis .   J - +6 lajatang (pain)
rCold    . . .     Gourm    .   (shield currently unavailable)
rNeg     + . .     Faith    .   (armour unavailable)
rPois    .         Spirit   .   i - +2 hat {MR+}
rElec    .         Reflect  .   C - +0 cloak
rCorr    .         Harm     .   e - +0 pair of gloves
MR       +++++     Clarity  +   y - +0 pair of boots
Stlth    ++........             U - amulet of the Four Winds {rN+ MR+++ Clar}
HPRegen  0.32/turn              g - ring of Irimn {rF+ Slay+4}
MPRegen  0.21/turn              x - ring of wizardry

@: no status effects
A: breathe fire, unfitting armour, horns 1, talons 1, fire resistance 1,
cold-blooded, AC +9
a: Breathe Fire, Receive Corpses, Torment, Renounce Religion


You were on level 1 of the Orcish Mines.
You worshipped Kikubaaqudgha.
Kikubaaqudgha was exalted by your worship.
You were very hungry.

You visited 4 branches of the dungeon, and saw 23 of its levels.
You also visited: Labyrinth and Ice Cave.

You collected 2660 gold pieces.

Inventory:

Hand Weapons
 B - a +4 quarterstaff of chaos
 J - a +6 lajatang of pain (weapon)
 X - a +0 demon trident
Armour
 e - a +0 pair of gloves (worn)
 i - a +2 hat of magic resistance (worn)
 y - a +0 pair of boots (worn)
 C - a +0 cloak (worn)
Magical Staves
 Z - an uncursed staff of energy
Jewellery
 g - the ring of Irimn (left hand) {rF+ Slay+4}
   (You found it on level 7 of the Dungeon)

   [ring of slaying]

   It affects your accuracy and damage with ranged weapons and melee attacks
   (+4).
   It protects you from fire.
 x - a ring of wizardry (right hand)
 T - an uncursed ring of protection from cold
 U - the amulet of the Four Winds (around neck) {rN+ MR+++ Clar}
   (You found it in a labyrinth)

   [amulet of nothing]

   It protects you from negative energy.
   It affects your resistance to hostile enchantments.
   It protects you against confusion.
Wands
 w - a wand of acid (1/15)
 z - a wand of polymorph (11/24)
 M - a wand of acid (4/15)
 N - a wand of clouds (3/9)
 Q - a wand of digging (7/24)
 S - a wand of polymorph (15/24)
 Y - a wand of lightning (5/15)
Scrolls
 c - 8 scrolls of identify
 j - a scroll of fear
 o - 4 scrolls of amnesia
 s - 8 scrolls of recharging
 t - a scroll of fog
 v - 4 scrolls of teleportation
 D - 5 scrolls of remove curse
 L - a scroll of blinking
Potions
 d - 2 potions of brilliance
 h - a potion of invisibility
 m - 12 potions of curing
 q - a potion of might {unknown}
 r - 5 potions of flight
 u - 3 potions of heal wounds
 A - 6 potions of haste
 E - 3 potions of ambrosia
 G - 2 potions of cancellation
 I - 3 potions of agility
 P - a potion of magic {unknown}
 R - 2 potions of berserk rage
Miscellaneous
 n - a crystal ball of energy
 K - a fan of gales
 W - a lightning rod (4/4)
Comestibles
 b - 8 bread rations
 f - 13 royal jellies
 l - 42 fruits


   Skills:
 + Level 12.5 Fighting
 - Level 4.0(7.8) Polearms
 + Level 10.3(10.6) Staves
 + Level 10.4 Dodging
 - Level 1.7 Stealth
 + Level 9.9 Spellcasting
 * Level 15.5 Necromancy
 - Level 5.4 Ice Magic


You had 4 spell levels left.
You knew the following spells:

 Your Spells              Type           Power        Failure   Level  Hunger
a - Animate Skeleton      Necr           N/A          0%          1    None
b - Animate Dead          Necr           N/A          1%          4    ##.....
c - Control Undead        Necr           ######....   1%          4    ##.....
d - Regeneration          Chrm/Necr      #####.....   1%          3    None
e - Dispel Undead         Necr           ######..     1%          5    ####...
f - Simulacrum            Ice/Necr       ######....   5%          6    ######.
v - Sublimation of Blood  Necr           ######....   0%          2    None
x - Vampiric Draining     Necr           ######....   1%          3    None
z - Pain                  Necr           ####         0%          1    None


Dungeon Overview and Level Annotations

Branches:
Dungeon (14/15)            Temple (1/1) D:6            Lair (6/6) D:8
 Shoals (0/4) Lair:2       Spider (0/4) Lair:2        Slime (0/5) Lair:5
    Orc (2/2) D:11         Vaults (0/5) D:13
    Elf: Orc:2

Altars:
Hepliaklqana
Kikubaaqudgha
Makhleb
Nemelex Xobeh
Okawaru
Qazlal
Sif Muna
Trog
Wu Jian
Xom
Yredelemnul
Zin
The Shining One
Beogh
Jiyva

Shops:
D:10 *   Orc:1 [   Orc:2 (

Portals:
Hell: Lair:6

Annotations:
Lair:2 exclusion: oklob plant
Orc:2 Saint Roka


Innate Abilities, Weirdness & Mutations

You can breathe blasts of fire.
Your fiery red scales are hard. (AC +9)
You cannot fit into any form of body armour.
Your flesh is heat resistant. (rF+)
You are cold-blooded and may be slowed by cold attacks.
You have a pair of small horns on your head.
You have sharp toenails.


Message History

Press: ? - help, Shift-Dir - straight line, f - troll
Aim: a troll (lightly wounded)
The troll is moderately wounded.
You feel life coursing into your body.
You hear a shout!
The troll barely misses you. The troll claws you!
* * * LOW HITPOINT WARNING * * *
The troll misses you.
You take 7 damage, and have 11/134 hp.
You now have 9/28 mp.
Casting: Vampiric Draining
Confirm with . or Enter, or press ? or * to list all spells.
Aiming: Vampiric Draining
Press: ? - help, Shift-Dir - straight line, f/p - troll
Aim: a troll (moderately wounded)
The troll is heavily wounded.
You feel life coursing into your body. The troll bites you!
* * * LOW HITPOINT WARNING * * *
The troll misses you. The troll claws you.
You die...
Kikubaaqudgha rasps: "You have failed me!
Welcome... death!"

####### ### ##..##.##
### ###.##
##(†.T...####.###....#
##(#)†#@....#...Z....##
#..(o###.....#...Z.#.##
##...Z.#..........##Z..#
#...#.#...∩......####.##
##...#............# ###
#...............###
##...#..........##.##
#..............##...#
#...............##.##


You could see a troll.

Vanquished Creatures
  Gastronok (D:8)
  A frost giant (IceCv)
  A stone giant (Orc:1)
  Josephine (Orc:1)
  Erica (D:11)
  A catoblepas (D:13)
  6 two-headed ogres
  A death knight (D:13)
  2 centaur warriors (D:13)
  3 death yaks
  An orc high priest (Orc:2)
  A sun demon (Lair:6)
  6 skeletal warriors (D:13)
  2 unseen horrors
  A wizard (Lair:6)
  A phantasmal warrior (D:13)
  A necromancer (D:13)
  2 orc sorcerers
  A deep elf mage (D:9)
  2 cyclopes
  6 ugly things
  12 elephants
  2 manticores
  A black mamba (Lair:3)
  An ice statue (IceCv)
  Joseph (D:7)
  2 orange demons (Lair:6)
  A smoke demon (Lair:6)
  3 centaur skeletons
  2 gargoyles
  13 spiny frogs
  A rime drake (Lair:6)
  6 komodo dragons
  2 ice devils (Lair:6)
  A jumping spider (Lair:2)
  15 polar bears (IceCv)
  10 trolls
  A queen bee (D:8)
  A hornet (D:13)
  A red devil (Lair:6)
  A dream sheep (Lair:6)
  6 blink frogs
  A wind drake (shapeshifter) (D:13)
  10 hippogriffs
  2 redbacks (Lair:2)
  A water elemental (D:13)
  Sigmund (D:5)
  5 wraiths
  A wyvern (Lair:5)
  A vampire (D:7)
  61 yaks
  6 basilisks
  Grum (D:11)
  2 hungry ghosts
  3 wargs
  An acid dragon (D:13)
  10 water moccasins
  4 hell hounds (Lair:6)
  10 porcupines
  20 orc warriors
  11 ice beasts
  3 sky beasts
  7 ogres
  2 black bears
  22 wolves
  5 phantoms
  2 eyes of draining
  4 necrophages
  17 centaurs
  11 crocodiles
  A big kobold (D:9)
  18 bullfrogs
  7 scorpions
  A wyvern skeleton (D:8)
  27 killer bees
  11 wights
  2 howler monkeys
  4 electric eels
  8 crimson imps
  3 bullfrog zombies
  2 centaur zombies
  5 hounds
  5 jellies
  2 quasits
  14 orc priests
  Crazy Yiuf (D:5)
  12 orc wizards
  4 iguanas
  A bullfrog skeleton (D:13)
  8 worker ants
  2 hound skeletons
  2 worker ant zombies
  Robin (D:3)
  9 adders
  6 river rats (Lair:4)
  3 shadow imps
  2 oozes
  An adder zombie (D:5)
  An adder skeleton (D:7)
  2 leopard geckos
  78 orcs
  A ball python (D:2)
  5 giant cockroaches
  15 goblins
  6 hobgoblins
  6 jackals
  5 quokkas
  4 bats
  4 frilled lizards
  A frilled lizard (shapeshifter) (D:7)
  A giant cockroach zombie (D:6)
  A jackal skeleton (D:5)
  13 kobolds
  6 rats
  A toadstool (D:1)
661 creatures vanquished.

Vanquished Creatures (collateral kills)
  A minotaur (Lab)
  4 hydras (Lair:6)
  4 death yaks (Lair:6)
  An ugly thing (D:13)
  2 elephants
  4 spiny frogs
  2 rime drakes
  A komodo dragon (Lair:6)
  A red devil (Lair:6)
  A polar bear (IceCv)
  7 dream sheep (Lair:6)
  4 blink frogs
  4 hippogriffs
  A redback (Lair:2)
  15 yaks
  A wraith (Orc:1)
  3 water moccasins
  A porcupine (Lair:3)
  A phantom (D:6)
  2 black bears
  An ogre (D:11)
  6 wolves
  A centaur (D:13)
  2 crocodiles
  2 bullfrogs
  4 killer bees
  4 wights
  An orc priest (D:11)
  A jelly (D:8)
  An orc wizard (D:7)
  2 hell rats (Lair:4)
  A worker ant (D:13)
  3 river rats (Lair:4)
  6 orcs
  A jackal (D:7)
  A rat (Lair:4)
  2 butterflies
  5 fungi
  4 plants
108 creatures vanquished.

Vanquished Creatures (others)
  A polar bear (IceCv)
  A sky beast (D:7)
  An ice beast (D:13)
  An orc (Orc:2)
  6 fungi
  16 plants
  3 toadstools (D:1)
29 creatures vanquished.

Grand Total: 798 creatures vanquished

Notes
Turn   | Place    | Note
-------+----------+-------------------------------------------
     0 | D:1      | namelastname112 the Draconian Necromancer began the quest for the Orb.
     0 | D:1      | Reached XP level 1. HP: 14/14 MP: 3/3
    30 | D:1      | Learned a level 1 spell: Animate Skeleton
   621 | D:2      | Reached XP level 2. HP: 22/22 MP: 3/5
   692 | D:2      | Found a faded altar of an unknown god.
   756 | D:2      | Reached skill level 1 in Fighting
   868 | D:2      | Reached XP level 3. HP: 24/28 MP: 3/6
  1236 | D:3      | Found a glowing golden altar of the Shining One.
  1424 | D:3      | Noticed Robin
  1926 | D:2      | Learned a level 3 spell: Vampiric Draining
  1937 | D:3      | Killed Robin
  1994 | D:3      | Reached XP level 4. HP: 30/35 MP: 5/7
  2368 | D:3      | Found a shimmering altar of Xom.
  2526 | D:4      | Reached skill level 5 in Necromancy
  2696 | D:4      | Reached skill level 1 in Polearms
  2696 | D:4      | Reached XP level 5. HP: 13/41 MP: 0/8
  3231 | D:4      | Found a stormy altar of Qazlal.
  3482 | D:4      | Found a sparkling altar of Nemelex Xobeh.
  3493 | D:4      | Reached XP level 6. HP: 46/50 MP: 9/9
  3500 | D:4      | Noticed an orc warrior
  4622 | D:3      | Killed an orc warrior
  4715 | D:4      | Reached skill level 6 in Necromancy
  5015 | D:5      | Entered Level 5 of the Dungeon
  5018 | D:5      | Your scales start taking on a fiery red colour.
  5018 | D:5      | Reached XP level 7. HP: 51/56 MP: 11/11
  5018 | D:5      | Gained mutation: Your flesh is heat resistant. (rF+) [Red Draconian growth]
  5039 | D:5      | Learned a level 4 spell: Animate Dead
  5260 | D:5      | Found a runed door.
  5354 | D:5      | Noticed Crazy Yiuf
  5358 | D:5      | Killed Crazy Yiuf
  5495 | D:5      | Found an ornate altar of the Wu Jian Council.
  5729 | D:5      | Noticed Sigmund
  5734 | D:5      | Killed Sigmund
  5734 | D:5      | Reached skill level 7 in Necromancy
  5734 | D:5      | Reached XP level 8. HP: 43/66 MP: 10/13
  6142 | D:6      | Found a staircase to the Ecumenical Temple.
  6148 | Temple   | Entered the Ecumenical Temple
  6177 | Temple   | Became a worshipper of Kikubaaqudgha
  6821 | D:6      | Reached skill level 5 in Fighting
  7045 | D:6      | Learned a level 3 spell: Regeneration
  7083 | D:6      | Reached skill level 1 in Staves
  7083 | D:6      | Reached skill level 8 in Necromancy
  7218 | D:7      | Reached XP level 9. HP: 72/73 MP: 15/15
  7242 | D:7      | Noticed Joseph
  7255 | D:7      | Killed Joseph
  7255 | D:7      | Reached skill level 5 in Dodging
  7277 | D:7      | Gained mutation: You occasionally shout uncontrollably at your foes. [mutagenic meat]
  7278 | D:7      | Gained mutation: You have sharp toenails. [mutagenic meat]
  7360 | D:7      | Reached * piety under Kikubaaqudgha
  7360 | D:7      | Identified Kikubaaqudgha's Papyrus of Stolen Souls (Kikubaaqudgha gifted it to you on level 7 of the Dungeon)
  7360 | D:7      | Received a gift from Kikubaaqudgha
  7647 | D:7      | Found a transporter.
  7661 | D:7      | Found a transporter.
  7661 | D:7      | Found a transporter.
  7661 | D:7      | Found a transporter.
  7661 | D:7      | Found a transporter.
  7662 | D:7      | Found a transporter.
  7663 | D:7      | Noticed a gargoyle
  7883 | D:7      | Learned a level 4 spell: Control Undead
  7900 | D:7      | Reached skill level 5 in Spellcasting
  7929 | D:7      | Reached skill level 9 in Necromancy
  7943 | D:7      | Killed a gargoyle
  7973 | D:7      | Got a heavily runed copper ring
  7984 | D:7      | Gained mutation: You tend to lose your temper in combat. [mutagenic meat]
  7985 | D:7      | Gained mutation: Your tail ends in a poisonous barb. [mutagenic meat]
  7986 | D:7      | Gained mutation: Your tail ends in a sharp poisonous barb. [mutagenic meat]
  7987 | D:7      | Gained mutation: Your flesh is very heat resistant. (rF++) [mutagenic meat]
  7989 | D:7      | Gained mutation: You often lose your temper in combat. [mutagenic meat]
  7998 | D:7      | Gained mutation: Your spells are a little harder to cast, but a little more powerful. [mutagenic meat]
  8000 | D:7      | Lost mutation: Your flesh is very heat resistant. (rF++) [mutagenic meat]
  8164 | D:7      | Found a burning altar of Makhleb.
  8168 | D:7      | Found a glowing silver altar of Zin.
  8168 | D:7      | Noticed an angel
  8169 | D:7      | Noticed a blizzard demon
  8245 | D:7      | Identified the ring of Irimn {rF+ Slay+4} (You found it on level 7 of the Dungeon)
  8249 | D:7      | Lost mutation: Your tail ends in a sharp poisonous barb. [potion of mutation]
  8249 | D:7      | Lost mutation: Your spells are a little harder to cast, but a little more powerful. [potion of mutation]
  8249 | D:7      | Lost mutation: You have sharp toenails. [potion of mutation]
  8249 | D:7      | Lost mutation: You often lose your temper in combat. [potion of mutation]
  8249 | D:7      | Lost mutation: Your tail ends in a poisonous barb. [potion of mutation]
  8249 | D:7      | Lost mutation: You occasionally shout uncontrollably at your foes. [potion of mutation]
  8249 | D:7      | Gained mutation: Scrolls take you a little longer to read. [potion of mutation]
  8249 | D:7      | Gained mutation: You have an increased reservoir of magic. (+10% MP) [potion of mutation]
  8328 | D:7      | Reached XP level 10. HP: 67/84 MP: 19/19
  8535 | D:8      | Noticed Gastronok
  8676 | D:8      | Reached ** piety under Kikubaaqudgha
  8690 | D:8      | Killed Gastronok
  8690 | D:8      | Reached skill level 10 in Necromancy
  9020 | D:8      | Found a staircase to the Lair.
  9200 | D:8      | Learned a level 2 spell: Sublimation of Blood
  9262 | D:8      | Noticed a two-headed ogre
  9270 | D:8      | Killed a two-headed ogre
  9270 | D:8      | Reached XP level 11. HP: 90/94 MP: 22/22
  9310 | D:8      | Lost mutation: Scrolls take you a little longer to read. [potion of mutation]
  9310 | D:8      | Lost mutation: You tend to lose your temper in combat. [potion of mutation]
  9310 | D:8      | Lost mutation: You have an increased reservoir of magic. (+10% MP) [potion of mutation]
  9310 | D:8      | Gained mutation: You have a pair of small horns on your head. [potion of mutation]
  9310 | D:8      | Gained mutation: You have sharp toenails. [potion of mutation]
  9416 | D:8      | Reached *** piety under Kikubaaqudgha
  9416 | D:8      | Identified Kikubaaqudgha's Compendium of Stolen Souls (Kikubaaqudgha gifted it to you on level 8 of the Dungeon)
  9416 | D:8      | Received a gift from Kikubaaqudgha
  9436 | D:8      | Reached skill level 5 in Staves
  9453 | D:8      | Reached skill level 11 in Necromancy
 10015 | D:9      | Found a deep blue altar of Sif Muna.
 10051 | D:9      | Reached **** piety under Kikubaaqudgha
 10183 | D:9      | Noticed a two-headed ogre
 10189 | D:9      | Killed a two-headed ogre
 10204 | D:9      | Found an iron altar of Okawaru.
 10378 | D:9      | Noticed a deep elf mage
 10381 | D:9      | Killed a deep elf mage
 10467 | D:9      | Found a bloodstained altar of Trog.
 10467 | D:9      | Found a hazy altar of Hepliaklqana.
 10552 | D:10     | Entered Level 10 of the Dungeon
 10650 | D:10     | Killed an unseen horror
 10877 | D:10     | Found Kysiedgh's General Store.
 11395 | D:10     | You fall through a shaft for 3 floors!
 11406 | D:13     | Noticed a red ugly thing
 11418 | D:13     | Killed a red ugly thing
 11657 | D:13     | Noticed a skeletal warrior
 11657 | D:13     | Noticed a skeletal warrior
 11688 | D:13     | Learned a level 5 spell: Dispel Undead
 11695 | D:13     | Killed a skeletal warrior
 11695 | D:13     | Reached skill level 12 in Necromancy
 11697 | D:13     | Killed a skeletal warrior
 11904 | D:13     | Reached XP level 12. HP: 101/104 MP: 9/23
 12258 | D:13     | Noticed a centaur warrior
 12280 | D:13     | Killed a centaur warrior
 12539 | D:13     | Noticed a two-headed ogre
 12599 | D:13     | Killed a two-headed ogre
 12727 | D:13     | Reached ***** piety under Kikubaaqudgha
 12779 | D:13     | Noticed a death knight
 12828 | D:13     | Killed a death knight
 12843 | D:13     | Noticed a catoblepas
 12861 | D:13     | Killed a catoblepas
 13546 | D:12     | Reached skill level 10 in Fighting
 13618 | D:11     | Found a labyrinth entrance.
 13622 | Lab      | Entered a labyrinth
 13901 | Lab      | Reached skill level 13 in Necromancy
 14080 | Lab      | Noticed a minotaur
 14092 | Lab      | Killed a minotaur
 14128 | D:11     | Noticed a two-headed ogre
 14152 | D:11     | Killed a two-headed ogre
 14267 | D:11     | Noticed a two-headed ogre
 14287 | D:11     | Killed a two-headed ogre
 14609 | D:11     | Found a staircase to the Orcish Mines.
 15037 | D:11     | Reached XP level 13. HP: 104/114 MP: 25/25
 15038 | D:11     | Noticed Grum
 15045 | D:11     | Killed Grum
 17015 | D:13     | Found a gate to the Vaults.
 17047 | D:13     | Learned a level 6 spell: Simulacrum
 17270 | Lair:1   | Entered Level 1 of the Lair of Beasts
 17405 | Lair:1   | Reached skill level 1 in Ice Magic
 18305 | Lair:2   | Found a staircase to the Shoals.
 18379 | Lair:2   | Reached skill level 5 in Ice Magic
 18797 | Lair:2   | Found a hole to the Spider Nest.
 18839 | Lair:2   | Found an ancient bone altar of Kikubaaqudgha.
 20305 | Lair:3   | Reached skill level 14 in Necromancy
 20310 | Lair:3   | Reached XP level 14. HP: 116/124 MP: 23/26
 21186 | Lair:4   | Reached ****** piety under Kikubaaqudgha
 21444 | Lair:4   | Identified a +2 lajatang of pain (a +0 lajatang bloodied by Kikubaaqudgha)
 21444 | Lair:4   | Received a gift from Kikubaaqudgha
 21496 | Lair:5   | Found a staircase to the Slime Pits.
 21497 | Lair:5   | Found a viscous altar of Jiyva.
 22243 | Lair:6   | Entered Level 6 of the Lair of Beasts
 22259 | Lair:6   | Found a frozen archway.
 22307 | IceCv    | Entered an ice cave
 22953 | IceCv    | Noticed a frost giant
 23225 | IceCv    | Killed a frost giant
 23479 | Lair:6   | Reached skill level 15 in Necromancy
 23602 | Lair:6   | Reached skill level 10 in Dodging
 23641 | Lair:6   | Found a burning altar of Makhleb.
 24224 | Lair:6   | Found a gateway to Hell.
 24691 | Lair:6   | Reached XP level 15. HP: 66/133 MP: 18/28
 24692 | Lair:6   | Reached skill level 10 in Staves
 25272 | Orc:1    | Entered Level 1 of the Orcish Mines
 25387 | Orc:1    | Noticed Erica
 25616 | D:11     | Killed Erica
 25794 | Orc:1    | Found Qocunihi's Armour Shoppe.
 25875 | Orc:2    | Entered Level 2 of the Orcish Mines
 25875 | Orc:2    | Noticed Josephine
 25888 | Orc:1    | Killed Josephine
 26066 | Orc:2    | Found a roughly hewn altar of Beogh.
 26199 | Orc:2    | Found Dunwysot's Weapon Emporium.
 26208 | Orc:2    | Noticed Saint Roka
 26474 | Orc:1    | HP: 1/134 [troll[an orc knight] (14)]
 26474 | Orc:1    | Slain by a troll

Vault maps used:
D:1:      ldierk_water_garden, minmay_misc_feat_tiny
D:2:      first_bread, chequers_ecumenical_altar_simple, minmay_misc_feat_roman
D:3:      brannock_xom_greatest_gift, nicolae_tso_swordbearing_angel,
          hangedman_abyss_or_decor_lesser_grid, uniq_robin
D:4:      lemuel_doored_altar, nemelex_xobeh_ov_fountains_minmay
D:5:      kennysheep_mini_moat, uniq_sigmund, uniq_crazy_yiuf_cottage
D:6:      minmay_temple_entry_butterflies, kennysheep_potato
D:7:      gammafunk_the_bubble, grunt_temple_overflow_order_and_chaos_2,
          dk_vineyard_1, uniq_joseph
D:8:      minmay_lair_entry_grove, david_nohive_1, kennysheep_generic_room_8,
          uniq_gastronok
D:9:      okawaru_trees_2, lemuel_coloured_pillars_altar,
          gammafunk_temple_overflow_statue, guppyfry_early_elven_hall
D:10:     serial_shops, shop, serial_undead, serial_undead_f, serial_undead_d,
          serial_undead_e, serial_undead_b
D:11:     orc_0_dummy, lab_entry_generic, uniq_grum
D:13:     david_vaults_4, serial_bayou, serial_bayou_pond_e,
          serial_bayou_pond_b, serial_bayou_pond_c, serial_bayou_crossing
D:14:     nicolae_gozag_cash_rules_everything_around_me,
          lemuel_mausoleum_altar_yredelemnul, uniq_kirke
Temple:   minmay_temple_curvy_loop
Lair:1:   infiniplex_staircase_pool, grunt_megastairs_3
Lair:2:   minmay_shoals_entry_centaurs, spider_nest_entry_a, lemuel_oklob_altar
Lair:3:   serial_bayou_lake_a, infiniplex_staircase_pool_2, grunt_megastairs_4,
          serial_bayou_shore_b
Lair:4:   kennysheep_rathole, serial_bayou_shore_b, grunt_megastairs_2,
          lemuel_fruit_fields, serial_bayou_shore_a
Lair:5:   slime_altar_1, grunt_megastairs_5
Lair:6:   evil_forest, portal_ice_cave_entry_ice_beasts, lemuel_fruit_fields
Orc:1:    serial_shops, shop, nicolae_orc_lost_temple, uniq_erica
Orc:2:    st_orc_open, basic_altar, serial_shops, nicolae_shop_statue_plus,
          uniq_josephine, uniq_saint_roka
Lab:      labyrinth_hidden_loot, nicolae_lab_t_cross, nicolae_lab_starburst
IceCv:    ice_cave_caverns_02

Skill      XL: |  1  2  3  4  5  6  7  8  9 10 11 12 13 14 15 |
---------------+----------------------------------------------+-----
Dodging        | 2 3 4 5 6 7 8 9 10 | 10.4
Fighting       | 1 2 4 5 6 7 9 10 11 12 | 12.5
Necromancy     | 5 6 7 8 9 10 12 13 14 15 | 15.5
Polearms       | 1 2 3 4 |  4.0
Spellcasting   | 3 4 5 6 7 8 9 |  9.9
Staves         | 1 3 4 6 7 8 9 10 | 10.3
Ice Magic      | 5 |  5.4
Stealth        | |  1.7

Action                   |  1- 3 |  4- 6 |  7- 9 | 10-12 | 13-15 || total
-------------------------+-------+-------+-------+-------+-------++-------
Melee: Unarmed           |     3 |       |       |       |       ||     3
       Short sword       |    29 |       |       |       |       ||    29
       Tailslap          |     4 |     9 |    29 |    61 |   127 ||   230
       Trident           |     1 |   126 |    44 |       |       ||   171
       Quarterstaff      |       |       |   220 |   390 |       ||   610
       Headbutt          |       |       |       |    62 |   166 ||   228
       Lajatang          |       |       |       |    80 |  1098 ||  1178
 Cast: Pain              |    60 |    17 |    13 |    12 |    15 ||   117
       Animate Skeleton  |     8 |     2 |    12 |    26 |    48 ||    96
       Vampiric Draining |     1 |    12 |     9 |    75 |    48 ||   145
       Animate Dead      |       |       |     6 |    19 |    38 ||    63
       Control Undead    |       |       |     3 |    11 |     2 ||    16
       Regeneration      |       |       |       |    25 |    75 ||   100
       Dispel Undead     |       |       |       |     9 |    15 ||    24
       Sublimation of Bl |       |       |       |     2 |       ||     2
       Simulacrum        |       |       |       |       |    20 ||    20
Invok: Receive Corpses   |       |       |       |     2 |     4 ||     6
       Brand Weapon With |       |       |       |       |     1 ||     1
 Abil: Breathe Fire      |       |       |     5 |    11 |     3 ||    19
Evoke: Wand              |       |       |     3 |     2 |       ||     5
  Use: Scroll            |       |       |     6 |    15 |    12 ||    33
       Potion            |       |       |     6 |     3 |     2 ||    11
 Stab: Sleeping          |       |     3 |     8 |     3 |     3 ||    17
       Paralysed         |       |       |     1 |     9 |       ||    10
       Distracted        |       |       |       |     2 |    10 ||    12
       Confused          |       |       |       |     1 |       ||     1
  Eat: Chunk             |     3 |     8 |    27 |    20 |    31 ||    89
       Royal jelly       |     1 |     1 |       |     1 |     3 ||     6
       Meat ration       |       |       |       |     2 |     4 ||     6
Armor: Skin              |    23 |    43 |   119 |   182 |   351 ||   718
Dodge: Dodged            |    46 |    78 |   272 |   462 |  1060 ||  1918
